[Event "Titled Tuesday Blitz February 07 Early 2023"]
[White "Remizov, Yaroslav"]
[Black "Talibov, Shiroghlan"]
[WhiteFideId "34134015"]
[BlackFideId "13429078"]
[WhiteElo "2421"]
[BlackElo "2359"]
[Result "0-1"]
[Round "05"]
[TimeControl "180+2"]
[Date "2023.02.07"]
[WhiteClock "0:00:16"]
[BlackClock "0:00:27"]

1. e4 Nf6 2. e5 Nd5 3. d4 d6 4. c4 Nb6 5. f4 dxe5 6. fxe5 Bf5 7. Nc3 e6 8. Be3 Be7 9. Be2 f6 10. Nf3 O-O 11. O-O Nc6 12. exf6 Bxf6 13. Qd2 Qe8 14. Bg5 Rd8 15. Bxf6 Rxf6 16. Qe3 Bg4 17. Ne4 Rf8 18. Ned2 Qd7 19. Nb3 Bxf3 20. Rxf3 Rxf3 21. gxf3 Nxd4 22. Nxd4 Qxd4 23. Kf2 Kf7 24. Rc1 c5 25. b3 Nc8 26. Rg1 Ne7 27. Qxd4 Rxd4 28. Rb1 a5 29. a3 Nc6 30. Ke3 b6 31. Bd3 Ne5 32. Be4 h6 33. h3 g5 34. Rh1 a4 35. bxa4 Nxc4+ 36. Kf2 Rd2+ 37. Kg3 Ne3 38. h4 c4 39. hxg5 hxg5 40. Rh7+ Kf6 41. Rc7 Rg2+ 42. Kh3 Ra2 43. Kg3 Rxa3 44. Kf2 Ke5 45. Rc6 Nd1+ 46. Ke1 Nb2 47. Rxb6 Nxa4 48. Rc6 Kd4 49. Rxe6 Nc5 50. Rd6+ Ke3 51. Kd1 Nxe4 52. fxe4 Kxe4 53. Rg6 Kf5 54. Rc6 Re3 55. Rxc4 g4 56. Kd2 Re8 57. Rc7 Kf4 58. Rf7+ Kg3 59. Rf6 Kh3 60. Rh6+ Kg2 61. Rg6 g3 62. Rg7 Kf2 63. Rf7+ Kg1 64. Rf8 Rxf8 0-1


[Site "https://www.chess.com"]

[Event "Titled Tuesday Blitz February 07 Early 2023"]
[White "Gokerkan, Cem Kaan"]
[Black "Vaishali, Rameshbabu"]
[WhiteFideId "6336760"]
[BlackFideId "5091756"]
[WhiteElo "2500"]
[BlackElo "2418"]
[Result "1-0"]
[Round "05"]
[TimeControl "180+2"]
[Date "2023.02.07"]
[WhiteClock "0:00:03"]
[BlackClock "0:00:02"]

1. e4 c5 2. c3 Nf6 3. e5 Nd5 4. d4 cxd4 5. Bc4 Qc7 6. Bb3 Qxe5+ 7. Ne2 Nc6 8. cxd4 Qh5 9. O-O e6 10. Bxd5 exd5 11. Nf4 Qxd1 12. Rxd1 Bd6 13. Nxd5 O-O 14. Nbc3 b6 15. Bf4 Bxf4 16. Nxf4 Ba6 17. d5 Ne5 18. d6 Bb7 19. Rac1 f6 20. Nb5 Kf7 21. Rc7 a6 22. Nd4 Rab8 23. Nd3 Rfd8 24. f4 Nc6 25. Nf5 g6 26. Ne3 a5 27. Nd5 Ke6 28. Nxb6 Kxd6 29. Rxd7+ Rxd7 30. Nf2+ Kc7 31. Nxd7 Rd8 32. Nxf6 Nd4 33. Nxh7 Rd6 34. Ng5 Kb6 35. h3 a4 36. Kh1 Ka5 37. Nge4 Rd8 38. Nc5 Bc6 39. b3 a3 40. Ncd3 Kb6 41. Ne5 Bb7 42. Nc4+ Kc5 43. Nxa3 Re8 44. b4+ Kd5 45. Nc2 Kc4 46. Nxd4 Re3 47. Kg1 Rg3 48. Ne2 Rxg2+ 49. Kf1 Rh2 50. Rd4+ Kb5 51. Rd7 Bf3 52. Rd3 Bb7 53. a3 Rg2 54. Rc3 Ka4 55. Rc7 Bd5 56. Rc5 Bb7 57. Rg5 Kb3 58. Rxg2 1-0


[Site "https://www.chess.com"]

[Event "Titled Tuesday Blitz February 07 Early 2023"]
[White "Yuan, Qingyu"]
[Black "Malek, Jan"]
[WhiteFideId "8609772"]
[BlackFideId "21864080"]
[WhiteElo "2373"]
[BlackElo "2370"]
[Result "1-0"]
[Round "05"]
[TimeControl "180+2"]
[Date "2023.02.07"]
[WhiteClock "0:00:19"]
[BlackClock "0:00:03"]

1. e4 e6 2. d4 d5 3. Nd2 h6 4. Bd3 c5 5. dxc5 Bxc5 6. Ngf3 Nf6 7. Qe2 Nc6 8. c3 O-O 9. O-O a6 10. e5 Nd7 11. Nb3 Ba7 12. Bf4 f6 13. exf6 Rxf6 14. Bg3 Qf8 15. Nbd4 Bxd4 16. Nxd4 Nc5 17. Bc2 Bd7 18. Nxc6 Bxc6 19. Rfe1 Ne4 20. f3 Nxg3 21. hxg3 Qc5+ 22. Kh2 Qb6 23. Rab1 Re8 24. Qd3 e5 25. Re2 Qc7 26. Qh7+ Kf7 27. Rbe1 Qd6 28. Bf5 Bb5 29. Re3 Bc6 30. Bg4 Rg6 31. Bh5 e4 32. fxe4 dxe4 33. Rf1+ 1-0


[Site "https://www.chess.com"]

[Event "Titled Tuesday Blitz February 07 Early 2023"]
[White "Fedoseev, Vladimir"]
[Black "Wagh Suyog"]
[WhiteFideId "24130737"]
[BlackFideId "25071688"]
[WhiteElo "2680"]
[BlackElo "2313"]
[Result "0-1"]
[Round "05"]
[TimeControl "180+2"]
[Date "2023.02.07"]
[WhiteClock "0:00:02"]
[BlackClock "0:00:01"]

1. Nf3 d5 2. d4 Nf6 3. Bg5 Ne4 4. h4 Bf5 5. Nbd2 Nd7 6. e3 h6 7. Bf4 e6 8. c4 Bd6 9. Bxd6 Nxd6 10. Qb3 dxc4 11. Nxc4 O-O 12. Rc1 Ne4 13. Qxb7 c5 14. Be2 Bh7 15. O-O cxd4 16. exd4 Ndf6 17. Ne3 Rb8 18. Qxa7 Rxb2 19. Bc4 Nh5 20. Qa3 Rb8 21. d5 exd5 22. Nxd5 Re8 23. Rfd1 Bf5 24. Ne3 Qf6 25. Qa6 Be6 26. Bxe6 fxe6 27. Qc6 Qf4 28. Rc4 Nhf6 29. Nf1 Qf5 30. Re1 Rbc8 31. Qxc8 Rxc8 32. Rxc8+ Kh7 33. Rc4 Qd5 34. Rd4 Qc6 35. Ne5 Qb7 36. Nd3 Qc6 37. Re3 Qb7 38. f3 Qb6 0-1


[Site "https://www.chess.com"]

[Event "Titled Tuesday Blitz February 07 Early 2023"]
[White "Indjic, Aleksandar"]
[Black "Leiva, Gianmarco"]
[WhiteFideId "911925"]
[BlackFideId "3804399"]
[WhiteElo "2618"]
[BlackElo "2392"]
[Result "1/2-1/2"]
[Round "05"]
[TimeControl "180+2"]
[Date "2023.02.07"]
[WhiteClock "0:00:14"]
[BlackClock "0:00:02"]

1. e4 c5 2. Nf3 d6 3. d4 cxd4 4. Nxd4 Nf6 5. Nc3 a6 6. Bc4 e6 7. Bb3 b5 8. Qf3 Qb6 9. Be3 Qb7 10. a3 Be7 11. Qg3 Nbd7 12. O-O-O Nc5 13. f3 O-O 14. Bh6 Ne8 15. h4 Bd7 16. h5 Kh8 17. Be3 Bf6 18. h6 g6 19. Bg5 Bxg5+ 20. Qxg5 a5 21. Qe7 Kg8 22. Ncxb5 Bxb5 23. Qxb7 Nxb7 24. Nxb5 a4 25. Ba2 Ra5 26. c4 Ra6 27. Rd2 f6 28. Rhd1 Kf7 29. f4 Ke7 30. e5 fxe5 31. fxe5 Rf5 32. exd6+ Nexd6 33. Nd4 Rh5 34. Re2 Nc5 35. Rde1 Nf5 36. Nxf5+ gxf5 37. Bb1 Kf6 38. Bc2 Rh4 39. Kb1 Rxc4 40. Rd2 Rh4 41. Rf1 Ke7 42. Re2 Kf6 43. Ka2 Rd6 44. Ref2 Rd5 45. Rf4 Rd4 46. g3 Rdxf4 47. Rxf4 Rxf4 48. gxf4 Kg6 49. b4 axb3+ 50. Bxb3 Kxh6 51. a4 Kh5 52. a5 Kg4 53. Bc4 Kxf4 54. Ka3 h5 55. Kb4 Nd7 56. Bxe6 Nb8 57. Bd5 Ke3 58. Kc5 f4 59. Kb6 f3 60. Kb7 f2 61. Bg2 Nd7 62. Kc6 Nb8+ 63. Kb7 Nd7 64. Kc6 Nb8+ 65. Kb7 1/2-1/2


[Site "https://www.chess.com"]

[Event "Titled Tuesday Blitz February 07 Early 2023"]
[White "Oro, Faustino"]
[Black "Korobov, Anton"]
[WhiteFideId "20000197"]
[BlackFideId "14105730"]
[WhiteElo "2269"]
[BlackElo "2664"]
[Result "0-1"]
[Round "05"]
[TimeControl "180+2"]
[Date "2023.02.07"]
[WhiteClock "0:00:09"]
[BlackClock "0:00:52"]

1. e4 c5 2. Nf3 d6 3. d4 cxd4 4. Nxd4 Nf6 5. Nc3 a6 6. f3 Qb6 7. Nb3 e6 8. Qd3 Nc6 9. Be3 Qc7 10. Qd2 b5 11. Bd3 Be7 12. O-O O-O 13. Nd4 Bb7 14. Nxc6 Bxc6 15. Rae1 b4 16. Ne2 d5 17. exd5 Nxd5 18. Bf2 Rfd8 19. Qc1 Bb5 20. Rd1 Bxd3 21. Rxd3 Rac8 22. c3 Qc4 23. Rfd1 Qxa2 24. Nd4 bxc3 25. bxc3 h6 26. R1d2 Qc4 27. Ne2 a5 28. Rd4 Qa6 29. Rg4 Bf6 30. Qd1 Nxc3 31. Nxc3 Rxd2 32. Qxd2 Rxc3 33. Qxh6 Qe2 34. h4 Rc2 35. Qxf6 Qxf2+ 36. Kh1 Qf1+ 37. Kh2 Rxg2+ 38. Rxg2 Qxg2+ 39. Kxg2 gxf6 0-1


[Site "https://www.chess.com"]

[Event "Titled Tuesday Blitz February 07 Early 2023"]
[White "Ibarra Jerez, Jose Carlos"]
[Black "Md, Imran"]
[WhiteFideId "2226332"]
[BlackFideId "25748580"]
[WhiteElo "2563"]
[BlackElo "2284"]
[Result "0-1"]
[Round "05"]
[TimeControl "180+2"]
[Date "2023.02.07"]
[WhiteClock "0:00:01"]
[BlackClock "0:00:06"]

1. e4 c5 2. Nc3 Nc6 3. Nge2 e6 4. d4 cxd4 5. Nxd4 Nf6 6. Ndb5 Bb4 7. e5 Nxe5 8. Bf4 d6 9. a3 Bxc3+ 10. Nxc3 O-O 11. Qd2 Qa5 12. O-O-O Rd8 13. Kb1 a6 14. Bg5 Ned7 15. h4 h6 16. Qxd6 hxg5 17. hxg5 Qxg5 18. Bc4 b5 19. Bxe6 Re8 20. Bd5 Rb8 21. Qh2 Kf8 22. Qh8+ Ng8 23. Ne4 Qg6 24. Nd6 Qxd6 25. Bxf7 Qxd1+ 26. Rxd1 Kxf7 27. Qh5+ Kf8 28. g4 Ngf6 29. Qh4 Ne5 30. g5 Nfg4 31. f3 Nxf3 32. Rf1 Ne5 33. Qg3 Bb7 34. g6 Re6 35. Qf4+ Rf6 36. Qe3 Re8 37. Qa7 Be4 38. Rh1 Nd2+ 39. Kc1 Bxh1 40. Kxd2 Rd8+ 41. Ke2 Bf3+ 42. Ke3 Nc4+ 43. Kf2 Bc6+ 44. Kg3 Rxg6+ 45. Kf4 Rf6+ 46. Kg5 Rd5+ 47. Kh4 Rh6+ 48. Kg3 Rg5+ 49. Kf4 Rgg6 50. Qb8+ Be8 51. Qc8 Rf6+ 52. Ke4 Rh4+ 53. Kd3 Rd6+ 54. Ke2 a5 55. b3 Rd2+ 56. Kf3 Ne5+ 57. Ke3 Rd6 58. Qc5 Nf7 59. Qb6 Rxb6 0-1


[Site "https://www.chess.com"]

[Event "Titled Tuesday Blitz February 07 Early 2023"]
[White "Ajay, Karthikeyan"]
[Black "Vokhidov, Shamsiddin"]
[WhiteFideId "35011685"]
[BlackFideId "14204223"]
[WhiteElo "2454"]
[BlackElo "2586"]
[Result "1/2-1/2"]
[Round "05"]
[TimeControl "180+2"]
[Date "2023.02.07"]
[WhiteClock "0:00:27"]
[BlackClock "0:00:13"]

1. d4 Nf6 2. Bf4 g6 3. Nc3 d5 4. e3 Bg7 5. h4 h5 6. Nb5 Na6 7. Nf3 O-O 8. Be2 c6 9. Nc3 Qb6 10. Rb1 Bf5 11. O-O Nb4 12. Ne1 Ne4 13. a3 Na6 14. Nxe4 Bxe4 15. b4 Nc7 16. Nd3 Nb5 17. Rb3 Nd6 18. Nc5 Bf5 19. a4 Qd8 20. Bd3 b6 21. Bxd6 exd6 22. Bxf5 dxc5 23. Bh3 cxd4 24. exd4 Qxh4 25. Bd7 Qf6 26. b5 cxb5 27. axb5 Rad8 28. Bc6 Qxd4 29. Qxd4 Bxd4 30. Rd1 Bc5 31. Ra1 Rd6 32. Rxa7 Rf6 33. Rf3 Rxf3 34. gxf3 Rd8 35. Rd7 Rxd7 36. Bxd7 Kg7 37. Bc6 d4 38. Bd5 Bd6 39. Kg2 Bf4 40. Kh3 f6 41. Be4 Kf7 42. Bd3 f5 43. Kh4 Kf6 44. Kh3 Kg5 45. Bc4 Bd6 46. Bf7 Kh6 47. Be8 Bb4 48. Kg2 Be1 49. Kf1 Bd2 50. Kg2 Kg5 51. Kg3 Kf6 52. Kg2 h4 53. Kh3 g5 54. Bd7 Ke5 55. Kg2 Kf4 56. Bc8 Be1 57. Kf1 h3 58. Bb7 Bb4 59. Kg1 Be1 60. Kh2 Bxf2 61. Kxh3 Ke3 62. Kg2 Be1 63. Bc8 f4 64. Bf5 Kd2 65. Kh3 Bh4 66. Kg4 Ke3 67. Bd3 Kf2 68. Bh7 Ke2 69. Bd3+ Kd2 70. Bh7 Kc3 71. Bd3 Kb4 72. Kh3 Bf2 73. Kg4 Bh4 74. Kh3 Kc3 75. Kg4 Kd2 76. Kh3 Ke3 77. Kg4 Bg3 78. Bh7 Bf2 79. Be4 Bh4 80. Bd3 1/2-1/2


[Site "https://www.chess.com"]

[Event "Titled Tuesday Blitz February 07 Early 2023"]
[White "Dehtiarov, Roman"]
[Black "Tsydypov, Zhamsaran"]
[WhiteFideId "14186640"]
[BlackFideId "4108566"]
[WhiteElo "2289"]
[BlackElo "2518"]
[Result "0-1"]
[Round "05"]
[TimeControl "180+2"]
[Date "2023.02.07"]
[WhiteClock "0:00:01"]
[BlackClock "0:01:29"]

1. e4 c5 2. Nc3 e6 3. f4 Nc6 4. Nf3 a6 5. d3 b5 6. g3 Bb7 7. Bg2 Nge7 8. e5 d5 9. exd6 Nf5 10. Ne4 Bxd6 11. O-O O-O 12. g4 Nfe7 13. Be3 Nd5 14. Qd2 Qc7 15. Nxd6 Qxd6 16. Rae1 Rac8 17. Qf2 Nxe3 18. Qxe3 Nb4 19. Re2 Rfd8 20. Ne5 Bxg2 21. Rxg2 f6 22. Nf3 Nd5 23. Qe4 Nxf4 24. Rg3 e5 25. g5 f5 26. Qe3 Re8 27. Re1 Ng6 28. Rg2 c4 29. dxc4 Rxc4 30. c3 Re4 31. Qf2 Nf4 32. Rg3 Rxe1+ 33. Nxe1 Qd1 34. Re3 Qg4+ 35. Qg3 Ne2+ 36. Rxe2 Qxe2 37. g6 hxg6 38. Nd3 g5 39. Nf2 g4 40. Qh4 Qf3 41. Qh5 Rd8 42. Qg5 Rd1+ 43. Nxd1 Qxd1+ 44. Kg2 Qc2+ 45. Kg1 Qb1+ 46. Kg2 Qxb2+ 47. Kg1 Qa1+ 48. Kg2 Qxa2+ 49. Kg1 Qb1+ 50. Kg2 Qc2+ 51. Kg1 Qd1+ 52. Kf2 Qd6 53. Ke1 Qf6 54. Qe3 e4 55. Qc5 Kh7 56. Ke2 Kg6 57. Qc8 Kg5 58. Qc7 g6 59. Qc5 Kh6 60. Qe3+ Kh5 61. Qc5 Qd8 62. Qe3 Qd3+ 0-1


[Site "https://www.chess.com"]

[Event "Titled Tuesday Blitz February 07 Early 2023"]
[White "Pap, Gyula"]
[Black "Seo, Jung Min"]
[WhiteFideId "725323"]
[BlackFideId "1734687"]
[WhiteElo "2429"]
[BlackElo "2494"]
[Result "0-1"]
[Round "05"]
[TimeControl "180+2"]
[Date "2023.02.07"]
[WhiteClock "0:00:54"]
[BlackClock "0:01:23"]

1. d3 d5 2. Nd2 e5 3. Ngf3 Nd7 4. e4 Ngf6 5. Be2 c6 6. O-O Bd6 7. c3 O-O 8. Re1 Re8 9. Bf1 Nf8 10. d4 Nxe4 11. Nxe4 dxe4 12. Nxe5 Bxe5 13. dxe5 Qxd1 14. Rxd1 Ng6 15. Rd4 Bf5 16. Rb4 b6 17. a4 Nxe5 18. a5 b5 19. a6 Nd3 20. Rd4 Rad8 21. Be3 c5 22. Rxd8 Rxd8 23. Ra5 Bd7 24. f3 f5 25. fxe4 fxe4 26. Ra1 Bc8 27. Bxd3 exd3 28. Bxc5 d2 29. Rd1 Bg4 0-1


[Site "https://www.chess.com"]

[Event "Titled Tuesday Blitz February 07 Early 2023"]
[White "Nigmatov, Ortik"]
[Black "Madaminov, Mukhiddin"]
[WhiteFideId "14202131"]
[BlackFideId "14210703"]
[WhiteElo "2438"]
[BlackElo "2422"]
[Result "0-1"]
[Round "05"]
[TimeControl "180+2"]
[Date "2023.02.07"]
[WhiteClock "0:00:15"]
[BlackClock "0:00:40"]

1. e4 e5 2. Nf3 Nc6 3. Bc4 Nf6 4. d3 h6 5. c3 g5 6. O-O g4 7. Ne1 d5 8. exd5 Nxd5 9. Nd2 Be6 10. Ne4 f5 11. Ng3 h5 12. Ne2 Qd7 13. Bg5 h4 14. f4 Ne3 15. Qb3 Bxc4 16. dxc4 Bc5 17. Qb5 b6 18. b4 Nxf1+ 19. bxc5 Nd2 20. cxb6 axb6 21. Bf6 Rh6 22. fxe5 Ra5 23. Qb2 Nxe5 24. Bg5 Rd6 25. Nd4 Ndxc4 26. Qf2 g3 27. hxg3 hxg3 28. Qf4 Ng6 29. Qxg3 Rxd4 30. cxd4 Qxd4+ 0-1


[Site "https://www.chess.com"]

[Event "Titled Tuesday Blitz February 07 Early 2023"]
[White "Makarian, Rudik"]
[Black "Fiorito, Joaquin"]
[WhiteFideId "44105681"]
[BlackFideId "180173"]
[WhiteElo "2545"]
[BlackElo "2405"]
[Result "1-0"]
[Round "05"]
[TimeControl "180+2"]
[Date "2023.02.07"]
[WhiteClock "0:00:20"]
[BlackClock "0:00:01"]

1. d4 Nf6 2. c4 e6 3. Nf3 d5 4. Nc3 Bb4 5. Qa4+ Nc6 6. a3 Bxc3+ 7. bxc3 O-O 8. Bg5 h6 9. Bh4 Bd7 10. Qc2 g5 11. Nxg5 hxg5 12. Bxg5 Kg7 13. e3 Rh8 14. h4 Ne7 15. Bd3 Qf8 16. cxd5 exd5 17. f3 Ng6 18. c4 Re8 19. Kf2 Nh7 20. cxd5 Nxg5 21. hxg5 Qd6 22. Bxg6 fxg6 23. e4 Qf4 24. Qc1 Rxe4 25. Rxh8 Kxh8 26. Qxf4 Rxf4 27. Ke3 Rf5 28. Rc1 c6 29. dxc6 Bxc6 30. f4 Ra5 31. Rc3 Kg7 32. g4 Kf7 33. Kf2 Ke6 34. Rh3 Be4 35. Rh6 Rxa3 36. f5+ Kd5 37. fxg6 Rf3+ 38. Ke2 Rf8 39. Ke3 Rg8 40. Rh7 Rxg6 41. Rxb7 Rxg5 42. Rb5+ Kd6 43. Rxg5 Bb1 44. Ra5 1-0


[Site "https://www.chess.com"]

[Event "Titled Tuesday Blitz February 07 Early 2023"]
[White "Liyanage, Ranindu Dilshan"]
[Black "Jones, Gawain C B"]
[WhiteFideId "9915834"]
[BlackFideId "409561"]
[WhiteElo "2342"]
[BlackElo "2618"]
[Result "0-1"]
[Round "05"]
[TimeControl "180+2"]
[Date "2023.02.07"]
[WhiteClock "0:01:09"]
[BlackClock "0:01:49"]

1. e4 c5 2. Nc3 g6 3. f4 Bg7 4. Nf3 Nc6 5. Bb5 Nd4 6. Bc4 e6 7. e5 d5 8. Bb5+ Bd7 9. Bxd7+ Qxd7 10. a4 Nxf3+ 11. Qxf3 Nh6 12. d3 Nf5 13. Qf2 h5 14. g3 Bf8 15. Bd2 Be7 16. O-O b6 17. Nd1 c4 18. dxc4 Bc5 19. Ne3 dxc4 20. Rad1 Qxd2 0-1


[Site "https://www.chess.com"]

[Event "Titled Tuesday Blitz February 07 Early 2023"]
[White "Tristan, Leonardo"]
[Black "Bjerre, Jonas Buhl"]
[WhiteFideId "113816"]
[BlackFideId "1444948"]
[WhiteElo "2545"]
[BlackElo "2602"]
[Result "1-0"]
[Round "05"]
[TimeControl "180+2"]
[Date "2023.02.07"]
[WhiteClock "0:00:04"]
[BlackClock "0:00:05"]

1. d4 Nf6 2. Nf3 g6 3. Bf4 Bg7 4. e3 b6 5. Be2 Bb7 6. O-O O-O 7. a4 a6 8. Nbd2 Ne4 9. Nxe4 Bxe4 10. Nd2 Bb7 11. a5 b5 12. c4 bxc4 13. Nxc4 Nc6 14. Qb3 Rb8 15. Rfc1 d6 16. Qc3 Ba8 17. Bg3 Nb4 18. Nb6 cxb6 19. Qxb4 b5 20. Rc3 Qd7 21. Rac1 Rbc8 22. Qa3 Qf5 23. h3 h5 24. Bf1 Qd7 25. b4 Qb7 26. R1c2 e5 27. dxe5 dxe5 28. Qc1 Rxc3 29. Rxc3 Qe4 30. Rc8 Qxb4 31. Qc7 Bd5 32. Rxf8+ Qxf8 33. Bxe5 Qa8 34. Bxg7 Kxg7 35. Qe5+ Kg8 36. Qd6 Qb7 37. f3 Be6 38. e4 Kg7 39. g4 hxg4 40. hxg4 Qc8 41. g5 Qc1 42. Qe5+ Kh7 43. Qh2+ Kg8 44. Qb8+ Qc8 45. Qe5 b4 46. Qd6 b3 47. Qb6 Qc2 48. Bxa6 b2 49. Qb8+ Bc8 50. Bd3 Qxd3 51. Qxb2 Qd7 52. Qe5 Qb7 53. Kg2 Be6 54. Kg3 Qa6 55. Kf4 Bc4 56. Qc7 Be6 57. Qd8+ Kg7 58. Qc7 Kh7 59. Qc3 Qe2 60. Ke5 Qh2+ 61. Kd4 Qf4 62. Qe3 Qd6+ 63. Kc3 Qa3+ 64. Kd4 Qxa5 65. Qc1 Qc7 66. Qxc7 Kg7 67. Qe5+ Kg8 68. Qf6 Kf8 69. Ke5 Ke8 70. Qxe6+ 1-0


[Site "https://www.chess.com"]

[Event "Titled Tuesday Blitz February 07 Early 2023"]
[White "Alex_Sahakyan2006"]
[Black "Gharibyan, Mamikon"]
[BlackFideId "13308300"]
[WhiteElo "2712"]
[BlackElo "2500"]
[Result "1/2-1/2"]
[Round "05"]
[TimeControl "180+2"]
[Date "2023.02.07"]
[WhiteClock "0:00:21"]
[BlackClock "0:00:19"]

1. e4 g6 2. Nc3 a6 3. h4 c5 4. h5 Bg7 5. a4 Nc6 6. d3 d6 7. h6 Bxc3+ 8. bxc3 f5 9. exf5 Bxf5 10. Rb1 Qc7 11. g4 Bd7 12. g5 O-O-O 13. Bg2 e5 14. Ne2 Nge7 15. c4 Nd4 16. Bxb7+ Qxb7 17. Rxb7 Kxb7 18. Nxd4 exd4 19. O-O Bc6 20. c3 Nf5 21. cxd4 Nxd4 22. f4 Rhe8 23. Rf2 Re6 24. Bb2 Rde8 25. Kf1 Nf5 26. Qb3+ Kc7 27. Bc3 Rb8 28. Qa2 Ne3+ 29. Kg1 Nd1 30. Ba5+ Kd7 31. Re2 Rxe2 32. Qxe2 Rb1 33. Be1 Nc3 34. Qg4+ Kc7 35. Kf2 Rb2+ 36. Ke3 Re2+ 37. Qxe2 Nxe2 38. Kxe2 Bd7 39. Ke3 Bf5 40. Ba5+ Kd7 41. d4 cxd4+ 42. Kxd4 Ke6 43. Bc3 Bh3 44. Bd2 Kd7 45. Be3 Ke6 46. Bd2 Bf1 47. a5 Bh3 48. c5 dxc5+ 49. Kxc5 Bf1 50. Kb6 Kf7 51. Kc7 Kg8 52. Kd6 Bd3 53. Ke5 Bf5 54. Bc3 Bd3 55. Kd6 Bf5 56. Bg7 Bd3 57. Ke5 Bf5 58. Kd4 Bd7 59. Kc4 Bf5 60. Kc5 Bd3 61. Kd4 Bf5 62. Ke5 Bd3 63. Kd6 Bf5 64. Kc7 Bd3 65. Kb7 Kf7 66. Kb6 Kg8 67. Kc5 Kf7 68. Bc3 Kg8 69. Kd4 Bf5 70. Kc4 Be6+ 71. Kc5 Bf5 72. Kd4 Kf7 73. Ke5 Kg8 74. Kd5 Bd3 75. Ke5 Kf7 76. Bd4 Kg8 77. Kf6 Bf5 78. Be5 Bd3 79. Bd6 Bf5 80. Be7 Bd3 81. Ke5 Bf5 82. Kd4 Kf7 83. Ba3 Kg8 84. Ke5 Kf7 85. Bb2 Kg8 86. Kf6 Bd3 87. Be5 Bf5 88. Bb2 Bd3 89. Ba3 Bf5 90. Bc5 Bd3 91. Ke6 Bf5+ 92. Ke5 Kf7 93. Kd5 Bd3 94. Kc6 Kg8 95. Kb7 Kf7 96. Bd4 Kg8 97. f5 gxf5 98. Kc6 f4 99. Kd6 Kf7 100. Ke5 f3 101. Kf4 Be2 102. Kf5 Bd3+ 103. Kg4 Kg6 104. Kxf3 Kxg5 105. Bg7 Kg6 106. Ke3 Bb5 107. Kd4 Kf5 108. Kc5 Kg6 109. Kb6 Kf5 110. Bh8 Kg6 111. Bg7 Kf5 1/2-1/2


[Site "https://www.chess.com"]

[Event "Titled Tuesday Blitz February 07 Early 2023"]
[White "Vlassov, Nikolai"]
[Black "Zhigalko, Sergei"]
[WhiteFideId "4103360"]
[BlackFideId "13502956"]
[WhiteElo "2283"]
[BlackElo "2572"]
[Result "0-1"]
[Round "05"]
[TimeControl "180+2"]
[Date "2023.02.07"]
[WhiteClock "0:00:12"]
[BlackClock "0:00:03"]

1. e4 c5 2. c3 Nf6 3. e5 Nd5 4. d4 cxd4 5. cxd4 d6 6. Bc4 Nb6 7. Bb3 dxe5 8. Qh5 e6 9. dxe5 Nc6 10. Nc3 g6 11. Qg5 Qxg5 12. Bxg5 Bg7 13. f4 h6 14. Bf6 O-O 15. Nf3 Nd7 16. Bxg7 Kxg7 17. Ne4 Rd8 18. O-O-O b6 19. Rd6 Bb7 20. Rhd1 Nc5 21. Nxc5 bxc5 22. Rd7 Rxd7 23. Rxd7 Nd8 24. Kd2 Kf8 25. Ke3 Bxf3 26. Kxf3 Nc6 27. Ke4 Rb8 28. g4 a5 29. Ke3 Nd4 30. Bc4 Rxb2 31. Rc7 Rxh2 32. Rxc5 Nc2+ 33. Ke4 h5 34. f5 gxf5+ 35. gxf5 Rh4+ 36. Kd3 Nb4+ 37. Kc3 Rh3+ 38. Kb2 Nd3+ 39. Bxd3 Rxd3 40. f6 Kg8 41. Rc8+ Kh7 42. Rf8 Re3 43. Rxf7+ Kh6 44. a4 Rxe5 45. Kc3 Kg6 46. Rf8 Rf5 47. Kd4 Rxf6 48. Rg8+ Kf7 49. Rg5 Rf5 50. Rg3 Kf6 51. Ke4 h4 52. Rg8 Rh5 53. Rf8+ Ke7 54. Rb8 h3 55. Rb5 Rxb5 0-1


[Site "https://www.chess.com"]

[Event "Titled Tuesday Blitz February 07 Early 2023"]
[White "Dimitrov, Atanas"]
[Black "Krzyzanowski, Marcin"]
[WhiteFideId "2901315"]
[BlackFideId "1132199"]
[WhiteElo "2269"]
[BlackElo "2512"]
[Result "1/2-1/2"]
[Round "05"]
[TimeControl "180+2"]
[Date "2023.02.07"]
[WhiteClock "0:00:07"]
[BlackClock "0:00:03"]

1. Nf3 Nc6 2. e4 e5 3. Bc4 Nf6 4. Ng5 d5 5. exd5 b5 6. Bxb5 Qxd5 7. Bf1 e4 8. d3 Bg4 9. Qd2 e3 10. Qxe3+ Kd7 11. Nc3 Qa5 12. Bd2 Bb4 13. Nge4 Rae8 14. Be2 Bxe2 15. Qxe2 Nd4 16. Qd1 Nxe4 17. dxe4 Bxc3 18. Bxc3 Rxe4+ 19. Kf1 Qb5+ 20. Qd3 Rhe8 21. Rd1 Qxd3+ 22. Rxd3 c5 23. g3 Re2 24. Bxd4 cxd4 25. Rxd4+ Kc6 26. Rc4+ Kd5 27. b3 Rd2 28. Kg2 Ree2 29. Rf4 Ke6 30. c4 f5 31. h4 g6 32. Rc1 Rxa2 33. b4 h6 34. c5 g5 35. hxg5 hxg5 36. Rf3 g4 37. Rf4 Rac2 38. Ra1 Ra2 39. Rh1 Re4 40. Rxe4+ fxe4 41. Re1 Kd5 42. Rd1+ Ke5 43. Kg1 Rc2 44. Rd7 Rc4 45. Rxa7 Rxb4 46. Rg7 Kf5 47. c6 Rc4 48. c7 Rc1+ 49. Kg2 Rc2 50. Kf1 Ke5 51. Ke1 e3 52. fxe3 Ke4 53. Rxg4+ Kxe3 54. Kf1 Rxc7 55. Rg8 Kf3 56. Rf8+ Kxg3 57. Rg8+ Kf3 58. Rf8+ Kg3 59. Rg8+ Kf3 60. Rf8+ Kg3 1/2-1/2


[Site "https://www.chess.com"]

[Event "Titled Tuesday Blitz February 07 Early 2023"]
[White "Tillyaev, Ulugbek"]
[Black "Ivic, Velimir"]
[WhiteFideId "14202441"]
[BlackFideId "950122"]
[WhiteElo "2287"]
[BlackElo "2595"]
[Result "0-1"]
[Round "05"]
[TimeControl "180+2"]
[Date "2023.02.07"]
[WhiteClock "0:00:40"]
[BlackClock "0:00:05"]

1. e4 c5 2. d4 cxd4 3. c3 dxc3 4. Nxc3 e6 5. Nf3 a6 6. Bf4 b5 7. Bd3 Bb7 8. e5 Ne7 9. Ne4 Nd5 10. Bg3 Bb4+ 11. Nfd2 Nc6 12. a3 Be7 13. O-O Nd4 14. Nd6+ Bxd6 15. exd6 O-O 16. Qg4 Nc6 17. Qh5 f5 18. Nb3 g6 19. Qh6 Rc8 20. Nc5 Ba8 21. Rac1 Qe8 22. Nxa6 f4 23. Bh4 Ne5 24. Be7 Nxd3 25. Rxc8 Qxc8 26. Bxf8 Qxf8 27. Qg5 f3 28. Nc7 N3f4 29. Re1 fxg2 30. Qg3 Bc6 31. h4 Qf5 32. Ne8 Ne2+ 33. Rxe2 Qb1+ 34. Kxg2 Nf4+ 0-1


[Site "https://www.chess.com"]

[Event "Titled Tuesday Blitz February 07 Early 2023"]
[White "Grigorjev, Iljya"]
[Black "Megalios, Konstantinos"]
[WhiteFideId "24159565"]
[BlackFideId "4238044"]
[WhiteElo "2426"]
[BlackElo "2372"]
[Result "1-0"]
[Round "05"]
[TimeControl "180+2"]
[Date "2023.02.07"]
[WhiteClock "0:00:31"]
[BlackClock "0:00:12"]

1. d4 Nf6 2. c4 e6 3. Nf3 Bb4+ 4. Bd2 a5 5. g3 d6 6. Bg2 Nbd7 7. O-O e5 8. Bg5 exd4 9. Nxd4 h6 10. Bf4 O-O 11. a3 Bc5 12. Nc3 a4 13. Ndb5 Nb6 14. Qd3 Ng4 15. Rad1 Re8 16. Nd5 Nxd5 17. cxd5 Qf6 18. Nxc7 Bf5 19. Qb5 Qe7 20. Nxa8 Rxa8 21. Bf3 g5 22. Bd2 Ne5 23. Rfe1 Bc2 24. Rc1 Bd3 25. exd3 Nxf3+ 26. Kg2 Nxe1+ 27. Rxe1 Qf6 28. Be3 Rc8 29. Qxb7 Re8 30. Qd7 Re7 31. Qd8+ Kg7 32. Qxe7 Qxe7 33. Bd4+ Qf6 34. Bxf6+ Kxf6 35. Re4 1-0


[Site "https://www.chess.com"]

[Event "Titled Tuesday Blitz February 07 Early 2023"]
[White "Averjanov, Alexey"]
[Black "Boruchovsky, Avital"]
[WhiteFideId "14109867"]
[BlackFideId "2800055"]
[WhiteElo "2399"]
[BlackElo "2539"]
[Result "1-0"]
[Round "05"]
[TimeControl "180+2"]
[Date "2023.02.07"]
[WhiteClock "0:00:27"]
[BlackClock "0:00:46"]

1. d4 Nf6 2. c4 d6 3. Nf3 Nc6 4. Nc3 e5 5. d5 Ne7 6. e4 g6 7. g3 Bg7 8. Bg2 Nd7 9. O-O O-O 10. Ne1 f5 11. f4 exf4 12. Bxf4 Ne5 13. Qe2 fxe4 14. Nxe4 Bg4 15. Qc2 Nf5 16. Kh1 Nd4 17. Qc3 Ne2 18. Qc2 Nxf4 19. gxf4 Qh4 20. fxe5 Rxf1+ 21. Bxf1 Bxe5 22. Qf2 Qh6 23. Qg2 Rf8 24. Bd3 Bh3 25. Qg5 Qg7 26. Ng2 Rf2 27. Nxf2 1-0


[Site "https://www.chess.com"]